 Dungeon Crawl Stone Soup version 0.18.1-1-g2f07953 (webtiles) character file.

100 GoBeyondDeath the Sneak (level 5, -1/33 HPs)
             Began as a Kobold Assassin on Oct 13, 2016.
             Slain by an orc
             ... wielding a cursed +0 club
              (3 damage)
             ... on level 3 of the Dungeon.
             The game lasted 00:46:29 (3141 turns).

GoBeyondDeath the Sneak (Kobold Assassin)           Turns: 3141, Time: 00:46:29

Health: -1/33      AC:  6    Str: 10    XL:     5   Next: 3%
Magic:  5/5        EV: 14    Int:  9    God:
Gold:   75         SH:  0    Dex: 18    Spells: 0 memorised, 4 levels left

rFire  . . .     SeeInvis .     i - +0 dagger (pain)
rCold  . . .     Gourm    .     o - +0 leather armour
rNeg   . . .     Faith    .     (shield restricted)
rPois  +         Spirit   .     n - +0 helmet
rElec  .         Dismiss  +     d - +0 cloak
rCorr  .         Reflect  .     B - +0 pair of gloves (curse)
SustAt .         Harm     .     (no boots)
MR     .....                    h - amulet of dismissal
Stlth  ++++......               (no ring)
                                y - ring of poison resistance

@: lethally poisoned (-1 -> -5), not resistant to hostile enchantments, stealthy
A: carnivore 3
a: no special abilities


You were on level 3 of the Dungeon.
You were completely stuffed.

You visited 1 branch of the dungeon, and saw 3 of its levels.

You collected 75 gold pieces.

Inventory:

Hand Weapons
 a - a +2 dagger
 b - a +0 blowgun
 i - a +0 dagger of pain (weapon)
Missiles
 e - 8 poisoned needles
 f - 2 curare-tipped needles
Armour
 c - a +0 robe
 d - a +0 cloak (worn)
 n - a +0 helmet (worn)
 o - a +0 leather armour (worn)
 B - a cursed +0 pair of gloves (worn)
Jewellery
 h - an amulet of dismissal (around neck)
 y - a ring of poison resistance (left hand)
Scrolls
 l - 2 scrolls of teleportation {unknown}
 m - a scroll of identify
 p - a scroll of blinking {unknown}
 r - 2 scrolls of enchant armour {unknown}
 u - 4 scrolls of remove curse
Potions
 j - a potion of haste {unknown}
 k - a potion of resistance {unknown}
 q - 4 potions of brilliance
 s - a potion of flight {unknown}
 t - a potion of cancellation {unknown}
 v - a potion of might {unknown}
 w - a potion of mutation {unknown}
 x - a potion of ambrosia {unknown}
 A - a potion of heal wounds {unknown}
Comestibles
 g - 3 meat rations
 z - 2 chunks of flesh


   Skills:
 * Level 3.8 Fighting
 - Level 2.6 Short Blades
 - Level 2.2 Throwing
 - Level 1.2 Dodging
 - Level 7.0 Stealth


You had 4 spell levels left.
You didn't know any spells.

Dungeon Overview and Level Annotations

Branches:
Dungeon (3/15)

Altars:


Innate Abilities, Weirdness & Mutations

You are small and have problems with some larger weapons.
You are carnivorous and can eat meat at any time.


Message History

The orc hits you with a club.
* * * LOW HITPOINT WARNING * * *
You hit the orc.
The orc is heavily wounded.
* * * LOW HITPOINT WARNING * * *
You feel sick. The orc closely misses you.
You hit the orc.
The orc is almost dead.
The orc hits you but does no damage.
You closely miss the orc.
The orc is almost dead.
You closely miss the orc.
The orc is almost dead.
* * * LOW HITPOINT WARNING * * *
You feel sick. The orc hits you with a club.
* * * LOW HITPOINT WARNING * * *
You closely miss the orc.
The orc is almost dead.
The orc hits you with a club.
You die...

.....#..#...)....# .
.....+...........+.. .. .
.....#..#.#......#.. .# .
........#.#.##.###.# .## .
.....##.#.#.##.# #.# ###..### .
.....##.#.#.##.# #.# #......#
......#.....##.# #.###......#
......'.#.#....###.#........##.
......#.#.#.....@o.'...........
......#.#.#...####.#....o#...#.
# ......#.# #(..+....#.....# .#
# ........#
#...######.=...#...#.##
.#........#...# #....(# ..#.##
.#........##### #.....# #.#.##
.#(.......# #.....# #.#.## .#..
.....# ####### #...##
...#.##.#.# #...#


You could see an orc.

Vanquished Creatures
  3 adders
  2 oozes
  2 dart slugs (D:1)
  2 giant geckos
  2 orcs (D:3)
  4 bats
  3 giant cockroaches
  6 goblins
  9 hobgoblins
  7 jackals (D:2)
  3 kobolds
  A ball python (D:2)
  9 rats
53 creatures vanquished.

Notes
Turn   | Place    | Note
--------------------------------------------------------------
     0 | D:1      | GoBeyondDeath the Kobold Assassin began the quest for the Orb.
     0 | D:1      | Reached XP level 1. HP: 12/12 MP: 1/1
     6 | D:1      | Noticed a hound
     6 | D:1      | Noticed an anaconda
     6 | D:1      | Noticed a redback
     7 | D:1      | Noticed a black bear
     7 | D:1      | Noticed a lindwurm
   173 | D:1      | Reached XP level 2. HP: 17/17 MP: 2/2
   274 | D:1      | Reached skill level 6 in Stealth
   693 | D:1      | Reached XP level 3. HP: 21/21 MP: 3/3
  1167 | D:2      | Reached skill level 7 in Stealth
  1484 | D:2      | Reached XP level 4. HP: 18/27 MP: 4/4
  3073 | D:3      | Reached XP level 5. HP: 33/33 MP: 5/5
  3141 | D:3      | Slain by an orc

Skill      XL: |  1  2  3  4 |
---------------+-------------+-----
Stealth        | 6 7 |  7.0
Fighting       | 3 |  3.8
Short Blades   | |  2.6
Throwing       | |  2.2
Dodging        | |  1.2

Action                   |  1- 3 |  4- 6 || total
-------------------------+-------+-------++-------
Melee: Dagger            |    99 |   112 ||   211
  Use: Scroll            |       |     2 ||     2
 Stab: Sleeping          |    13 |     6 ||    19
  Eat: Chunk             |    10 |     5 ||    15
Armor: Robe              |    15 |    13 ||    28
       Leather armour    |       |    10 ||    10
Dodge: Dodged            |    45 |    65 ||   110
